 Dungeon Crawl Stone Soup version 0.22-a0-407-gb098539 (webtiles) character file.

142 dstrtnsr the Chopper (level 5, -6/47 HPs)
             Began as a Hill Orc Berserker on May 10, 2018.
             Was a Follower of Trog.
             Splashed by a jelly's acid (7 damage)
             ... on level 5 of the Dungeon.
             The game lasted 00:01:28 (1859 turns).

dstrtnsr the Chopper (Hill Orc Berserker)           Turns: 1859, Time: 00:01:28

Health: -6/47      AC: -8    Str: 21    XL:     5   Next: 25%
Magic:  5/5        EV: 10    Int:  7    God:    Trog [*.....]
Gold:   116        SH:  0    Dex: 10    Spells: 4/4 levels left

rFire    . . .     SeeInvis .   a - +0 hand axe
rCold    . . .     Gourm    .   (no shield)
rNeg     . . .     Faith    .   g - +0 scale mail
rPois    .         Spirit   .   (no helmet)
rElec    .         Reflect  .   (no cloak)
rCorr    .         Harm     .   (no gloves)
MR       .....                  j - +0 pair of boots
Stlth    ..........             (no amulet)
HPRegen  0.15/turn              (no ring)
MPRegen  0.09/turn              (no ring)

@: corroded
A: no striking features
a: Berserk, Renounce Religion


You were on level 5 of the Dungeon.
You worshipped Trog.
Trog was aware of your devotion.
You were not hungry.

You visited 1 branch of the dungeon, and saw 5 of its levels.

You collected 116 gold pieces.

Inventory:

Hand Weapons
 a - a +0 hand axe (weapon)
Armour
 g - a +0 scale mail (worn)
 j - a +0 pair of boots (worn)
Jewellery
 h - an uncursed ring of fire
Scrolls
 b - a scroll of remove curse {unknown}
 i - a scroll of amnesia {unknown}
 l - a scroll of enchant weapon {unknown}
Potions
 c - 4 potions of curing {@q1}
 d - a potion of flight
Comestibles
 e - 3 rations {!d}
 f - a chunk of flesh


   Skills:
 + Level 4.9 Fighting
 * Level 6.6 Axes
 - Level 2.1 Armour
 - Level 1.5 Dodging


You had 4 spell levels left.
You didn't know any spells.

Dungeon Overview and Level Annotations

Branches:
Dungeon (5/15)
 Temple: D:4-7

Altars:


Message History

A hound skeleton is nearby!
A hound skeleton is nearby!
A hound skeleton is nearby!
A hound skeleton is nearby!
A hound skeleton is nearby!
A hound skeleton is nearby!
A hound skeleton is nearby!
A hound skeleton is nearby!
A hound skeleton is nearby!
A hound skeleton is nearby!
A hound skeleton is nearby!
The hound skeleton bites you.
Found 17 gold pieces.
You slash the hound skeleton!
The hound skeleton is moderately damaged.
The hound skeleton barely misses you.
The hound skeleton bites you but does no damage.
You hit the hound skeleton.
The hound skeleton is heavily damaged.
You are feeling hungry.
The hound skeleton closely misses you.
You hit the hound skeleton but do no damage.
The hound skeleton is heavily damaged.
The hound skeleton closely misses you.
You hit the hound skeleton.
The hound skeleton is severely damaged.
The hound skeleton barely misses you.
The hound skeleton bites you but does no damage.
You barely miss the hound skeleton.
The hound skeleton is severely damaged.
The hound skeleton barely misses you.
You slash the hound skeleton!
You destroy the hound skeleton!
Trog accepts your kill.
No target in view!
Key pressed, stopping explore.
No target in view!
Key pressed, stopping explore.
No target in view!
No target in view!
No target in view!
Key pressed, stopping explore.
No target in view!
No target in view!
You butcher the howler monkey corpse.
f - 2 chunks of flesh Eating one of 2 chunks of flesh.
You eat one of the 2 chunks of flesh.
This raw flesh tastes terrible.
You now have 116 gold pieces (gained 17).
Key pressed, stopping explore.
Found a stone staircase leading up.
Done exploring.
Done exploring.
Done exploring.
Done exploring.
Done exploring.
Done exploring.
No target in view!
You see here a potion of magic.
There is an open door here.
There is a stone staircase leading down here.
You climb downwards.
You hear the hiss of flowing sand.
There is an entrance to an ossuary on this level.
Hurry and find it before the portal is buried! 2 jellies come into view.
Found a bubbling red potion.
Found a stone staircase leading up.
There is a stone staircase leading up here.
There are monsters nearby!
There are monsters nearby!
The jelly hits you. The acid corrodes you!
You are splashed with acid!
The acid burns!
You hit the jelly but do no damage.
Your hands burn!
The jelly closely misses you.
You hit the jelly. The acid corrodes you!
Your hands burn!
The jelly is moderately wounded.
The jelly hits you.
You are splashed with acid!
The acid burns!
You hit the jelly but do no damage.
Your hands burn!
The jelly is moderately wounded.
The jelly barely misses you.
Okay, then.
You hit the jelly but do no damage.
Your hands burn!
The jelly is moderately wounded.
The jelly hits you.
* * * LOW HITPOINT WARNING * * *
The acid corrodes you!
You are splashed with acid!
The acid burns!
* * * LOW HITPOINT WARNING * * *
Okay, then.
A quasit comes into view.
The quasit gives a chilling moan.
A crimson imp comes into view.
The crimson imp shouts!
The quasit closely misses you. The quasit misses you.
The quasit barely misses you.
You hit the quasit but do no damage. You hit the jelly. The acid corrodes you!
Your hands burn!
* * * LOW HITPOINT WARNING * * *
The jelly hits you.
* * * LOW HITPOINT WARNING * * *
You are splashed with acid!
The acid burns!
You die...

#. . 5## #.#.<..
..# ####.#.#.# #.#
##........ #.#
##........ #5#
#........ #@#
#.......# #J#
#....!..# #J#
##....<## #.#
.#.......## #.#
#..........#####.##
###..........J....#
##.....##########
##...##


You could see 2 jellies, a quasit and a crimson imp.

Vanquished Creatures
  A howler monkey (D:4)
  A hound (D:4)
  A worker ant (D:4)
  A hound skeleton (D:4)
  2 adders
  A worm (D:4)
  3 bats (D:2)
  5 goblins
  2 hobgoblins
  3 jackals (D:4)
  A frilled lizard (D:3)
  2 kobolds
  A rat (D:2)
24 creatures vanquished.

Notes
Turn   | Place    | Note
-------+----------+-------------------------------------------
     0 | D:1      | dstrtnsr the Hill Orc Berserker began the quest for the Orb.
     0 | D:1      | Reached XP level 1. HP: 19/19 MP: 1/1
   184 | D:2      | Found a faded altar of an unknown god.
   310 | D:2      | Reached XP level 2. HP: 27/27 MP: 2/2
   576 | D:2      | Reached skill level 5 in Axes
   688 | D:3      | Reached XP level 3. HP: 33/33 MP: 3/3
  1249 | D:4      | Reached XP level 4. HP: 25/41 MP: 4/4
  1670 | D:4      | Reached skill level 6 in Axes
  1685 | D:4      | Reached XP level 5. HP: 38/47 MP: 5/5
  1839 | D:5      | Entered Level 5 of the Dungeon
  1844 | D:5      | HP: 17/47 [acid (2)]
  1844 | D:5      | HP: 4/47 [acid (10)]
  1859 | D:5      | HP: 3/47 [acid (3)]
  1859 | D:5      | HP: 1/47 [jelly (2)]
  1859 | D:5      | Splashed by a jelly's acid

Vault maps used:
D:1:      kennysheep_arrival_seaside, palyth_stone_intersect,
          minmay_misc_feat_room
D:2:      lemuel_doored_altar, chequers_ecumenical_altar_simple
D:3:      makhleb_heckhound_becter, gup_sewer_entry_bowl, first_ration,
          uniq_natasha
D:5:      kennysheep_six_static_rooms, minitemple, enter_ossuary_4,
          serial_shops, shop, minivault_25, uniq_blork_the_orc

Skill      XL: |  1  2  3  4 |
---------------+-------------+-----
Fighting       | 4 |  4.9
Axes           | 5 6 |  6.6
Armour         | |  2.1
Dodging        | |  1.5

Action                   |  1- 3 |  4- 6 || total
-------------------------+-------+-------++-------
Melee: Hand axe          |   109 |    25 ||   134
Invok: Berserk           |     1 |       ||     1
  Use: Scroll            |     3 |       ||     3
  Eat: Chunk             |     2 |     2 ||     4
Armor: Scale mail        |    47 |     9 ||    56
       Animal skin       |     2 |       ||     2
Dodge: Dodged            |    72 |    18 ||    90

Table legend:
 A = Spawn XP
 B = Non-spawn XP
 C = Spawn XP percentage of total XP
 D = Spawn monster count
 E = Non-spawn monster count
 F = Spawn count percentage of total count
 G = Total turns spent on level
                    A         B        C        D         E        F      G
               +---------+---------+-------+---------+---------+-------+---------
         Total |       0 |     204 |   0.0 |       0 |      24 |   0.0 |  1859
               +---------+---------+-------+---------+---------+-------+---------
           D:1 |       0 |       7 |   0.0 |       0 |       4 |   0.0 |   184
           D:2 |       0 |      25 |   0.0 |       0 |       9 |   0.0 |   499
           D:3 |       0 |       3 |   0.0 |       0 |       2 |   0.0 |    12
           D:4 |       0 |     169 |   0.0 |       0 |       9 |   0.0 |  1144
               +---------+---------+-------+---------+---------+-------+---------
